 Dungeon Crawl Stone Soup version 0.27-a0-1149-g4505690ab0 (webtiles) character file.

Game seed: 7021056770290126668

34 leviel the Magician (level 3, -11/25 HPs)
             Began as a Djinni Conjurer on May 14, 2021.
             Killed from afar by a white imp (18 damage)
             ... with a puff of frost
             ... summoned by Natasha
             ... on level 2 of the Dungeon.
             The game lasted 00:02:34 (1782 turns).

leviel the Magician (Djinni Conjurer)               Turns: 1782, Time: 00:02:35

Health: -11/25     AC:  5    Str:  6    XL:     3   Next: 50%
Gold:   75         EV:  9    Int: 20    God:
                   SH:  0    Dex: 11

rFire    + + .     SeeInvis .   (no weapon)
rCold    x . .     Faith    .   (no shield)
rNeg     . . .     Spirit   .   d - +0 ring mail
rPois    ∞         Reflect  .   (no helmet)
rElec    .         Harm     .   (no cloak)
rCorr    .         Rampage  .   (no gloves)
Will     .....                  (boots unavailable)
Stlth    +.........             (no amulet)
HPRegen  0.08/turn              (no ring)
MPRegen  0.00/turn              (no ring)

@: flying, slowed, very slow
A: sickness immunity, fire resistance 2, cold vulnerability 1, float, innate
caster, hp casting, extra vitality 1
a: no special abilities


You were on level 2 of the Dungeon.
You visited 1 branch of the dungeon, and saw 2 of its levels.

You collected 75 gold pieces.

Inventory:

Armour
 d - a +0 ring mail (worn)
Scrolls
 a - a scroll of holy word {unknown}
 e - a scroll of magic mapping {unknown}
 f - a scroll of fear {unknown}
 g - a scroll of teleportation {unknown}
Potions
 b - a potion of attraction {unknown}
 c - a potion of mutation {unknown}


   Skills:
 + Level 0.4 Armour
 + Level 2.2 Dodging
 + Level 1.5 Stealth
 * Level 4.0 Spellcasting


You couldn't memorise any spells.
You knew the following spells:

 Your Spells              Type           Power      Damage    Failure   Level
a - Magic Dart            Conj           80%        1d7       10%         1
b - Searing Ray           Conj           40%        3d4       14%         2
c - Dazzling Flash        Conj/Hex       40%        N/A       28%         3
d - Fulminant Prism       Conj/Hex       10%        3d9       67%         4
e - Iskenderun's Mystic   Conj/Tloc      20%        2d6       67%         4
f - Summon Small Mammal   Summ           80%        N/A       10%         1
Your spell library was empty.

Dungeon Overview and Level Annotations

Branches:
Dungeon (2/15)

Altars:
Dithmenos

Annotations:
D:2 Natasha


Innate Abilities, Weirdness & Mutations

You are immune to sickness and miasma.
You are immune to poison.
Your flesh is very heat resistant. (rF++)
You are vulnerable to cold. (rC-)
You float through the air rather than walking.
You learn spells naturally, not from books.
Your magical power is your life essence.
You have superior vitality. (+4 HP)


Message History

Natasha is nearby!
The magic dart hits Natasha.
Natasha is moderately wounded.
The magic dart hits Natasha.
Natasha is heavily wounded.
You can't see any susceptible monsters within range! (Use Z to cast anyway.)
You can't see any susceptible monsters within range! (Use Z to cast anyway.) Natasha is nearby!
You miscast Magic Dart.
You are very lightly contaminated with residual magic.
Nothing appears to happen.
Natasha casts a spell at you.
You feel yourself slow down.
The magic dart hits Natasha.
Natasha is severely wounded.
Natasha zaps a wand.
The puff of flame hits you. You resist.
An endoplasm comes into view.
The magic dart hits Natasha.
Natasha is almost dead.
Natasha zaps a wand.
The puff of flame hits you. You resist.
The magic dart hits Natasha but does no damage.
Natasha is almost dead.
Natasha mumbles some strange words.
The magic dart hits Natasha but does no damage.
Natasha is almost dead.
Natasha zaps a wand.
The puff of flame hits you. You resist.
Your magical contamination has completely faded away.
The magic dart hits Natasha but does no damage.
Natasha is almost dead.
The white imp barely misses you. Natasha casts a spell at you.
You feel as though you will be slow longer.
The white imp barely misses you. Natasha casts a spell at you.
The magic dart hits you!
* * * LOW HITPOINT WARNING * * *
The white imp gestures at you. The puff of frost hits you!!
You feel a terrible chill!
Ouch! That really hurt!
You die...

##.. ... ##.. ## ...
.. . .. . #.####.##.#
#......h#.##.#
......5J.....#
######.@#.##.#
######..# # ........#
.####..)# . ......#.#
##.. .####...# <..
#.#####)########.##.#
....................#
#.####...>.......#


You could see Natasha, a white imp (summoned) and an endoplasm.

Vanquished Creatures
  An adder (D:2)
  A worm (D:2)
  A dart slug (D:2)
  3 endoplasms
  3 goblins
  5 kobolds (D:2)
  A quokka (D:2)
  3 ball pythons
  2 frilled lizards (D:1)
  A rat (D:2)
21 creatures vanquished.

Notes
Turn   | Place    | Note
-------+----------+-------------------------------------------
     0 | D:1      | leviel the Djinni Conjurer began the quest for the Orb.
     0 | D:1      | Reached XP level 1. HP: 15/15 MP: 0/0
    26 | D:1      | Found a shadowy altar of Dithmenos.
   501 | D:1      | Reached XP level 2. HP: 18/21 MP: 0/0
  1412 | D:2      | Reached XP level 3. HP: 22/25 MP: 0/0
  1412 | D:2      | Learned a level 1 spell: Summon Small Mammal
  1595 | D:2      | Reached skill level 4 in Spellcasting
  1772 | D:2      | Noticed Natasha
  1782 | D:2      | Killed from afar by a white imp

Illustrated notes

Levels and vault maps discovered:
D:1:      dpeg_arrival_lava_altar, layout_basic
D:2:      layout_loops_ring, uniq_natasha

Skill      XL: |  1  2  3 |
---------------+----------+-----
Spellcasting   | 4 |  4.0
Armour         | |  0.4
Dodging        | |  2.2
Stealth        | |  1.5

Action                   || total
-------------------------++-------
 Cast: Magic Dart        ||    67
Armor: Ring mail         ||     1
Dodge: Dodged            ||     4

Table legend: (Time is in decaauts)
 A = Elapsed time spent in this place.
 B = Non-inter-level travel time spent in this place.
 C = Inter-level travel time spent in this place.
 D = Time resting spent in this place.
 E = Time spent auto-exploring this place.
 F = Levels seen in this place.
 G = Mean time per level.
                   A        B        C        D        E       F      G
               +--------+--------+--------+--------+--------+-----+--------+
         Total |   1785 |   1743 |     42 |    461 |   1130 |   2 |  892.5 |
       Dungeon |   1785 |   1743 |     42 |    461 |   1130 |   2 |  892.5 |
               +--------+--------+--------+--------+--------+-----+--------+

Top non-repeatable levels by time:
     D:1: 955 daAuts
     D:2: 829 daAuts
